[Event "Titled Tuesday Blitz January 03 Early 2023"]
[White "Averjanov, Alexey"]
[Black "Zhuravlev, Alexey"]
[WhiteFideId "14109867"]
[BlackFideId "4164199"]
[WhiteElo "2399"]
[BlackElo "2359"]
[Result "1-0"]
[Round "03"]
[TimeControl "180+2"]
[Date "2023.01.03"]
[WhiteClock "0:01:07"]
[BlackClock "0:00:03"]

1. d4 Nf6 2. c4 g6 3. Nc3 Bg7 4. e4 d6 5. Be2 O-O 6. Nf3 e5 7. O-O Nc6 8. d5 Ne7 9. Ne1 Nd7 10. Be3 f5 11. f3 f4 12. Bf2 g5 13. a4 a5 14. Nd3 b6 15. b4 axb4 16. Nxb4 Nf6 17. Nc6 Nxc6 18. dxc6 Be6 19. Nd5 g4 20. a5 bxa5 21. Bh4 gxf3 22. Bxf3 Kh8 23. Qa4 Qc8 24. Bxf6 Bxf6 25. Qb5 Bxd5 26. cxd5 Qa6 27. Rfb1 a4 28. Qxa6 Rxa6 29. Rb7 a3 30. Ra2 Rfa8 31. Be2 R6a7 32. Kf1 Kg7 33. Ke1 Kf8 34. Kd1 Bh4 35. Bg4 Bf2 36. Rxf2 a2 37. Rxa2 Rxa2 38. Rxc7 R2a7 39. Rb7 Rxb7 40. cxb7 Rb8 41. Bc8 Ke7 42. Ke2 Kd8 43. Kf3 h5 44. g3 fxg3 45. Kxg3 Ke7 46. Kh4 Kf6 47. Kxh5 1-0


[Site "https://www.chess.com"]

[Event "Titled Tuesday Blitz January 03 Early 2023"]
[White "Al-Tarboush, Ward"]
[Black "Blanco Ronquillo, Humberto L."]
[WhiteFideId "7601450"]
[BlackFideId "3504239"]
[WhiteElo "2256"]
[BlackElo "2442"]
[Result "1-0"]
[Round "03"]
[TimeControl "180+2"]
[Date "2023.01.03"]
[WhiteClock "0:01:48"]
[BlackClock "0:01:18"]

1. e4 e5 2. Nf3 Nc6 3. Bb5 f5 4. Nc3 fxe4 5. Nxe4 Nf6 6. Nxf6+ Qxf6 7. Qe2 Be7 8. Bxc6 dxc6 9. Qxe5 Qxe5+ 10. Nxe5 Bf6 11. d4 Bf5 12. c3 c5 13. O-O O-O 14. Be3 cxd4 15. cxd4 c6 16. f4 Rad8 17. Rac1 Rd6 18. h3 Bd8 19. g4 Be4 20. f5 Bd5 21. b3 Re8 22. Bf4 Bb6 23. Rfd1 Be4 24. Nc4 Bxd4+ 25. Kh2 Rdd8 26. Nd6 Re7 27. Rxd4 1-0


[Site "https://www.chess.com"]

[Event "Titled Tuesday Blitz January 03 Early 2023"]
[White "Mortazavi, Ali"]
[Black "Csonka, Balazs"]
[WhiteFideId "401323"]
[BlackFideId "742910"]
[WhiteElo "2333"]
[BlackElo "2496"]
[Result "0-1"]
[Round "03"]
[TimeControl "180+2"]
[Date "2023.01.03"]
[WhiteClock "0:00:05"]
[BlackClock "0:00:03"]

1. e4 e5 2. Bc4 Nf6 3. d3 c6 4. Nf3 d5 5. Bb3 a5 6. a3 a4 7. Ba2 Bd6 8. Nc3 dxe4 9. dxe4 h6 10. h3 Qe7 11. O-O O-O 12. Nh4 Kh7 13. Nf5 Bxf5 14. exf5 Nbd7 15. Re1 Nc5 16. Be3 Rad8 17. Qe2 e4 18. f4 b5 19. g4 Ncd7 20. g5 Ng8 21. Kh1 Bc5 22. Rg1 Kh8 23. Rg3 Bxe3 24. Qxe3 Qc5 25. Nxe4 Qxc2 26. f6 Rde8 27. fxg7+ Kxg7 28. gxh6+ Kh8 29. Re1 Ndf6 30. Bb1 Qxb2 31. Rxg8+ Rxg8 32. Ng5 Rxg5 33. Qxe8+ Nxe8 34. Rxe8+ Rg8 35. Re1 Qc3 36. Rf1 Qxh3# 0-1


[Site "https://www.chess.com"]

[Event "Titled Tuesday Blitz January 03 Early 2023"]
[White "Velikanov, Alexander"]
[Black "Gheorghiu, Calin"]
[WhiteFideId "2039290"]
[BlackFideId "1200305"]
[WhiteElo "2339"]
[BlackElo "2313"]
[Result "0-1"]
[Round "03"]
[TimeControl "180+2"]
[Date "2023.01.03"]
[WhiteClock "0:01:08"]
[BlackClock "0:00:51"]

1. d4 Nf6 2. Nc3 d5 3. Bf4 a6 4. e4 dxe4 5. f3 Bf5 6. g4 Bg6 7. Qe2 exf3 8. Nxf3 e6 9. h4 h5 10. Ne5 Bh7 11. g5 Nd5 12. Nxd5 Qxd5 13. Bg2 Qa5+ 14. c3 Bf5 15. Bxb7 Ra7 16. Bc6+ Nxc6 17. Nxc6 Qd5 18. O-O-O Qxc6 19. d5 Qa4 20. Qe3 Qc2# 0-1


[Site "https://www.chess.com"]

[Event "Titled Tuesday Blitz January 03 Early 2023"]
[White "Mogirzan, Matei-Valeriu"]
[Black "Ilkhomi, Jaloliddin"]
[WhiteFideId "1257455"]
[BlackFideId "14700948"]
[WhiteElo "1813"]
[BlackElo "1997"]
[Result "1/2-1/2"]
[Round "03"]
[TimeControl "180+2"]
[Date "2023.01.03"]
[WhiteClock "0:00:03"]
[BlackClock "0:00:06"]

1. e4 e6 2. d4 d5 3. Nd2 Nf6 4. e5 Nfd7 5. c3 c5 6. Ngf3 Nc6 7. Bd3 cxd4 8. cxd4 f6 9. Ng5 fxg5 10. Qh5+ Ke7 11. Nf3 h6 12. Nxg5 Ndxe5 13. dxe5 Nxe5 14. Be2 Qe8 15. Qh4 Ng6 16. Qg4 hxg5 17. Qxg5+ Kf7 18. Bh5 Rxh5 19. Qxh5 Bb4+ 20. Kf1 b6 21. h4 Ba6+ 22. Kg1 Qb5 23. Be3 Rh8 24. Qf3+ Ke8 25. Qg4 Ne7 26. h5 Qd7 27. Qxg7 Rg8 28. Qf6 d4 29. h6 Qd5 30. f3 Qf5 31. Qxf5 Nxf5 32. h7 Rh8 33. Bf4 Bd6 34. Bg5 Be7 35. Bf4 Bf6 36. g4 Ne3 37. g5 Bg7 38. g6 Bd3 39. Bh6 Bxh6 40. Rxh6 Nf5 41. Rh1 Kf8 42. Kf2 Kg7 43. Rag1 Ne7 44. Rd1 Bxg6 45. Rxd4 Rxh7 46. Rg1 Kf6 47. Rd7 Bf5 48. Rxa7 Rh2+ 49. Rg2 Rh1 50. Rg1 Rh2+ 51. Rg2 Rh4 52. Rg3 Rb4 53. b3 Rd4 54. Ra6 Rd2+ 55. Ke1 Rd6 56. a4 Nd5 57. a5 Bd3 58. Ra7 bxa5 59. Rxa5 Rb6 60. Ra3 Bf5 61. Rg1 Nb4 62. Kf2 Rd6 63. Rf1 Rd2+ 64. Kg1 Nd3 65. Rb1 Bh3 66. Rba1 Rg2+ 67. Kf1 Rf2+ 68. Kg1 Kf5 69. b4 Rxf3 70. b5 Rg3+ 71. Kh2 Rg2+ 72. Kh1 Nf4 73. Ra4 Kg4 74. Rxf4+ Kxf4 75. b6 Kg3 76. b7 Rh2+ 77. Kg1 Bg2 78. Ra3+ Kg4 79. Kxh2 Bxb7 80. Ra4+ Kf5 81. Kg3 Bd5 82. Ra5 Ke4 83. Kf2 Bc4 84. Ke1 Kd4 85. Kd2 Bd5 86. Ra7 Ke5 87. Ke3 Kd6 88. Kd4 Kc6 89. Re7 Kd6 90. Rh7 Kc6 91. Rh6 Kb5 92. Ke5 Kc4 93. Rh4+ Kd3 94. Rd4+ Ke3 95. Ra4 Kf3 96. Ra3+ Ke2 97. Kd4 Kf2 98. Ke5 Ke2 99. Kf4 Kd2 100. Re3 Kc2 101. Ke5 Kd2 102. Kd4 Kc2 103. Re2+ Kb3 104. Rd2 Ka3 105. Kc3 Ka4 106. Rb2 Ka5 107. Kd4 Ka4 108. Kc5 Ka3 109. Rb4 Bb3 110. Re4 Bd5 111. Re3+ Kb2 112. Kd4 Kc2 113. Re2+ Kb3 114. Rf2 Kb4 115. Rb2+ Bb3 116. Ke5 Kc3 117. Re2 Bc4 118. Re3+ Kd2 119. Kd4 Bd5 120. Rh3 Kc2 121. Rh2+ Kb3 122. Re2 Ka3 123. Kc3 Ka4 124. Rf2 Kb5 125. Kd4 Kc6 126. Rc2+ Kd6 127. Rb2 e5+ 128. Ke3 Kc5 129. Rc2+ Kd6 130. Rd2 Ke6 131. Rh2 Kd6 132. Rh5 Bc6 133. Kd3 Kd5 134. Ke3 Be8 135. Rg5 Ke6 136. Ke4 Bc6+ 137. Ke3 Kf6 138. Rh5 Be8 139. Rh6+ Bg6 140. Kf3 Kg5 141. Rh1 Kf5 142. Re1 Bh5+ 143. Ke3 Ke6 144. Rh1 Bg6 145. Rh6 Kf5 146. Rh1 Bf7 147. Rf1+ Ke6 148. Rc1 Kd5 149. Rf1 Ke6 150. Rg1 Be8 151. Rg5 Bb5 152. Ke4 Bc6+ 153. Ke3 Kf6 154. Rh5 Be8 155. Rh8 Bg6 156. Rf8+ Ke7 157. Rb8 Kf6 158. Rb5 Kf5 159. Kf3 Be8 160. Rc5 Bh5+ 161. Ke3 Ke6 162. Ke4 Bg6+ 163. Ke3 Kd6 164. Ra5 Be8 165. Ra6+ Kd5 166. Ra8 Bc6 167. Rd8+ Ke6 168. Rc8 Kd7 169. Rh8 Bd5 170. Kd3 Ke6 171. Ke3 Kd6 172. Rh6+ Kc5 173. Rh5 Kd6 174. Kd3 Ke6 175. Rh6+ Kf5 176. Rd6 Be4+ 177. Ke3 Bb1 1/2-1/2


[Site "https://www.chess.com"]

[Event "Titled Tuesday Blitz January 03 Early 2023"]
[White "Khamdamova, Afruza"]
[Black "Demin, Vladimir"]
[WhiteFideId "14210444"]
[BlackFideId "4167457"]
[WhiteElo "2162"]
[BlackElo "2430"]
[Result "1-0"]
[Round "03"]
[TimeControl "180+2"]
[Date "2023.01.03"]
[WhiteClock "0:01:24"]
[BlackClock "0:01:09"]

1. e4 c6 2. d4 d5 3. Nc3 dxe4 4. Nxe4 Nf6 5. Nxf6+ exf6 6. c3 Na6 7. Bd3 Nc7 8. Qc2 h5 9. Ne2 Bd6 10. Be3 a5 11. h3 Kf8 12. O-O Nd5 13. Bd2 g5 14. Bf5 Kg7 15. a3 b5 16. Be4 h4 17. c4 bxc4 18. Qxc4 Ba6 19. Qxc6 Bxe2 20. Qxd5 Bxf1 21. Qxa8 Qb6 22. Qc6 Qxd4 23. Bc3 Qc5 24. Qxc5 Bxc5 25. Kxf1 Re8 26. Re1 a4 27. Bc6 Rc8 28. Bxa4 Bxa3 29. Re8 Rc7 30. Bxf6+ Kxf6 31. bxa3 Rc1+ 32. Re1 Rc3 33. Ra1 Ke5 34. Bd1 Rc5 35. a4 Ra5 36. Rb1 f5 37. Rb5+ 1-0


[Site "https://www.chess.com"]

[Event "Titled Tuesday Blitz January 03 Early 2023"]
[White "Ismagilov, Damir"]
[Black "Mikhalsky, Vladimir"]
[WhiteFideId "34199982"]
[BlackFideId "14144352"]
[WhiteElo "2156"]
[BlackElo "2219"]
[Result "0-1"]
[Round "03"]
[TimeControl "180+2"]
[Date "2023.01.03"]
[WhiteClock "0:00:01"]
[BlackClock "0:00:07"]

1. e4 c5 2. Nf3 Nc6 3. Bb5 g6 4. Bxc6 dxc6 5. O-O Bg7 6. d3 e5 7. a4 a5 8. h3 Ne7 9. Be3 b6 10. Na3 f5 11. exf5 gxf5 12. Nc4 Ng6 13. Bg5 Qc7 14. Qc1 f4 15. Re1 O-O 16. h4 Bg4 17. Nh2 Bh5 18. g4 fxg3 19. fxg3 e4 20. Kg2 Bf3+ 21. Kh3 Qd7+ 22. g4 h5 23. Ne3 Nf4+ 24. Bxf4 Rxf4 25. Rg1 exd3 26. cxd3 Qxd3 27. Rg3 Qd7 28. Nxf3 Raf8 29. Qg1 Rxf3 30. Nf5 hxg4+ 31. Kh2 Qxf5 32. Rxg4 Rf2+ 33. Rg2 Qf4+ 34. Kh1 Qxh4+ 35. Qh2 Qxh2+ 36. Kxh2 Rxg2+ 37. Kxg2 Bxb2 38. Rb1 Bc3 39. Rxb6 Rf4 40. Rxc6 Rxa4 41. Rxc5 Bb4 42. Rc4 Ra1 43. Kf3 Re1 44. Kf2 Re8 45. Rc6 Kf7 46. Ra6 Ke7 47. Ke3 Kd7+ 48. Kd3 Kc7 49. Kc2 Kb7 50. Rh6 Rc8+ 51. Kb2 Rc3 52. Rg6 Rf3 53. Rh6 a4 54. Rg6 a3+ 55. Ka2 Kc7 56. Rh6 Bd6 57. Rh4 Kc6 58. Rh5 Bc5 59. Rh8 Kb5 60. Rb8+ Kc4 61. Rc8 Rf2+ 62. Kb1 Kb3 63. Rb8+ Bb4 64. Rf8 Rxf8 65. Kc1 Rd8 66. Kb1 a2+ 67. Ka1 Bc3# 0-1


[Site "https://www.chess.com"]

[Event "Titled Tuesday Blitz January 03 Early 2023"]
[White "Khoroshev, Nikita"]
[Black "Moreno Perez, Tobias Sebastian"]
[WhiteFideId "14200287"]
[BlackFideId "186716"]
[WhiteElo "2336"]
[BlackElo "2256"]
[Result "1-0"]
[Round "03"]
[TimeControl "180+2"]
[Date "2023.01.03"]
[WhiteClock "0:00:13"]
[BlackClock "0:00:06"]

1. e4 c6 2. Nf3 d5 3. Nc3 Bg4 4. h3 Bxf3 5. Qxf3 e6 6. d4 Nd7 7. a3 dxe4 8. Qxe4 Ngf6 9. Qd3 Bd6 10. g3 O-O 11. Bg2 e5 12. O-O exd4 13. Qxd4 Qc7 14. Rd1 Be5 15. Qb4 Rad8 16. Be3 Nb6 17. Qb3 Rxd1+ 18. Rxd1 Rd8 19. Bf3 Rxd1+ 20. Nxd1 Bxg3 21. Bxb6 Bh2+ 22. Kg2 axb6 23. Ne3 b5 24. a4 bxa4 25. Qxa4 g6 26. Qa8+ Kg7 27. b4 Bd6 28. b5 cxb5 29. Qxb7 Qxb7 30. Bxb7 Bc5 31. Ng4 Nh5 32. Kf3 Bd4 33. Ba6 b4 34. Bc4 f5 35. Nh2 Nf6 36. Bd3 Nd7 37. Nf1 Ne5+ 38. Ke2 Nxd3 39. Kxd3 Bxf2 40. Kc4 Be1 41. Ne3 f4 42. Ng2 f3 43. Ne3 g5 44. Kd3 h5 45. Ke4 Bd2 46. Nf1 Bc1 47. Kxf3 Kf6 48. Ng3 Kg6 49. Ke4 Bf4 50. Ne2 Bd6 51. Nd4 g4 52. hxg4 hxg4 53. Nf5 Bc7 54. Ne7+ Kg5 55. Nd5 Bd6 56. Ne3 Bf8 57. Ng2 g3 58. Kf3 Bd6 59. Ne3 Kh4 60. Nf5+ Kh3 61. Ne3 Bc5 62. Ng2 Bb6 63. Nf4+ Kh2 64. Ng2 Bc7 65. Ne3 Be5 66. Ng4+ Kh3 67. Nxe5 g2 68. Kf2 Kh2 69. Nf3+ Kh1 70. Ng1 Kh2 71. Ne2 Kh1 72. Ke3 g1=Q+ 73. Nxg1 Kxg1 74. Kd3 Kf2 75. Kc4 Ke3 76. Kxb4 Kd4 77. c4 Ke5 78. Kb5 Kd6 79. Kb6 Kd7 80. c5 Kc8 81. Kc6 1-0


[Site "https://www.chess.com"]

[Event "Titled Tuesday Blitz January 03 Early 2023"]
[White "Skliarov, Viktor"]
[Black "Mekhane, Adam"]
[WhiteFideId "14106736"]
[BlackFideId "36050601"]
[WhiteElo "2383"]
[BlackElo "2280"]
[Result "1/2-1/2"]
[Round "03"]
[TimeControl "180+2"]
[Date "2023.01.03"]
[WhiteClock "0:01:04"]
[BlackClock "0:01:00"]

1. e4 c5 2. Nf3 Nc6 3. Bb5 g6 4. O-O Bg7 5. Re1 Nf6 6. e5 Nd5 7. Nc3 Nc7 8. Bxc6 dxc6 9. Ne4 Ne6 10. d3 b6 11. Be3 O-O 12. Qd2 Nd4 13. Nxd4 cxd4 14. Bh6 Bf5 15. Ng3 Be6 16. h4 Qd7 17. h5 f6 18. exf6 exf6 19. Bxg7 Kxg7 20. h6+ Kf7 21. Re2 Rfe8 22. Rae1 Bd5 23. Qf4 c5 24. b3 Rxe2 25. Rxe2 Re8 26. Rxe8 Qxe8 27. a4 Qe5 28. Qg4 Be6 29. Qf3 Bd5 30. Qg4 Be6 31. Qf3 Bd5 32. Qg4 1/2-1/2


[Site "https://www.chess.com"]

[Event "Titled Tuesday Blitz January 03 Early 2023"]
[White "TheKnightOfBosnia"]
[Black "Gilmanov, Mansur"]
[BlackFideId "4166868"]
[WhiteElo "2481"]
[BlackElo "2356"]
[Result "1/2-1/2"]
[Round "03"]
[TimeControl "180+2"]
[Date "2023.01.03"]
[WhiteClock "0:00:25"]
[BlackClock "0:00:07"]

1. e4 d5 2. exd5 Qxd5 3. Nc3 Qe5+ 4. Nge2 Nc6 5. d3 Bg4 6. h3 Bh5 7. g4 Bg6 8. Bg2 O-O-O 9. Bxc6 bxc6 10. Be3 e6 11. Qd2 Nf6 12. O-O-O Bb4 13. a3 Ba5 14. Bf4 Bxc3 15. Bxe5 Bxd2+ 16. Rxd2 Ne8 17. Re1 f6 18. Bg3 Bf7 19. f4 h5 20. g5 Nd6 21. gxf6 gxf6 22. Bh4 Ne8 23. Rg1 Rg8 24. Rxg8 Bxg8 25. Ng3 Bf7 26. Ne4 Rd4 27. Nxf6 Rxf4 28. Nxe8 Rxh4 29. Ng7 Rxh3 30. Rf2 Bg6 31. Nxe6 Rh1+ 32. Kd2 h4 33. Rf8+ Kb7 34. Nf4 Bh7 35. Rh8 Bf5 36. Rh5 Bg4 37. Rg5 Bd7 38. Rg7 Kc8 39. Rg8+ Kb7 40. Rg7 Bc8 41. Rh7 h3 42. d4 Rf1 43. Nd3 Rg1 44. Nc5+ Kb8 45. Rh8 a5 46. Nd7+ Kb7 47. Nc5+ Kb8 48. Nd7+ Ka7 49. Rxc8 h2 50. Rxc7+ Ka8 51. Rc8+ Ka7 52. Rc7+ Ka8 53. Rc8+ Kb7 54. Rh8 h1=Q 55. Nc5+ Kc7 56. Rxh1 Rxh1 57. Kc3 Rh3+ 58. Nd3 Kb6 59. Kc4 Rh2 60. Kc3 Rg2 61. a4 Rg3 62. Kc4 Rg2 63. Kc3 Rh2 64. b3 Rg2 65. Ne5 Rg3+ 66. Kc4 Rh3 67. Nd7+ Kc7 68. Nc5 Rh2 69. Kc3 Rh3+ 70. Nd3 Rh4 71. Kc4 Rh3 72. Kc3 Kd6 73. Kc4 Rh2 74. Kc3 Kd5 75. Nf4+ Ke4 76. Nd3 Rg2 77. Nc5+ Kd5 78. Nd3 Rg4 79. Nc5 Rxd4 80. Nb7 Rh4 81. Nxa5 Rh3+ 82. Kb2 Kc5 83. Nc4 Kb4 84. Nd2 Rh2 85. Nc4 Kc5 86. Ne3 Re2 87. Nc4 Rh2 88. Kc3 Rh3+ 89. Kb2 Rh1 90. a5 Rh2 91. Kc3 Rh3+ 92. Kb2 Kb4 93. a6 Rh8 94. c3+ Kb5 95. a7 Ka6 96. Nd6 Kxa7 97. b4 Kb6 98. Kb3 Kc7 99. Ne4 Rh4 100. Nc5 Rh3 101. Kc4 Rh4+ 102. Kb3 Kb6 103. Nd3 Kb5 104. Nb2 Rh3 105. Nc4 c5 106. bxc5 Kxc5 107. Nb2 Rh2 108. Na4+ Kb5 109. Nb2 Rh3 110. Na4 Rg3 111. Nb2 Kc5 112. Na4+ Kd5 113. Kb4 Rg4+ 114. Kb3 Ke4 115. Nc5+ Ke3 116. Na4 Kd3 117. c4 Kd4 118. Kb4 Rg8 119. c5 Rg1 120. Kb5 Kd5 121. Nb6+ Ke6 122. c6 Kd6 123. Nc4+ Kc7 124. Kc5 Rg5+ 125. Kd4 Kxc6 126. Ke4 Rh5 127. Kd4 Rh4+ 128. Kd3 Kd5 129. Ne3+ Ke5 130. Nc4+ Kd5 131. Ne3+ Kc5 132. Ke2 Rh3 133. Kf2 Kd4 134. Nf5+ Ke4 135. Ng3+ Kf4 136. Ne2+ Kg4 137. Kg2 Ra3 138. Kf2 Rb3 139. Kg2 Rb2 140. Kf2 Kf5 141. Ke3 Ke5 142. Kd3 Ra2 143. Nc3 Rh2 144. Ne2 Rh3+ 145. Kd2 Ke4 146. Nc3+ Kd4 147. Ne2+ Kc4 148. Ke1 Ra3 149. Kd2 Rb3 150. Kc2 Rf3 151. Kd2 Rh3 152. Kc2 Rh8 153. Kd2 Kd5 154. Ke3 Ke5 155. Kf3 Ra8 156. Ke3 Ra3+ 157. Kd2 Ke4 158. Nc3+ Kf3 159. Kd3 Kf2 160. Kd4 Ke1 161. Kd3 Ra8 162. Kd4 Rd8+ 163. Nd5 Kd2 164. Ke4 Kc2 165. Kd4 Kb3 166. Kc5 Kc2 167. Kd4 Rh8 168. Ke5 Rh5+ 169. Ke4 Kd2 170. Nf4 Ra5 171. Kd4 Ra4+ 172. Ke5 Ke3 173. Nd5+ Kd3 174. Nf4+ Ke3 175. Nd5+ Kf3 1/2-1/2


[Site "https://www.chess.com"]

[Event "Titled Tuesday Blitz January 03 Early 2023"]
[White "Jovic, Stanoje"]
[Black "Martynov, Pavel"]
[WhiteFideId "905020"]
[BlackFideId "4101260"]
[WhiteElo "2075"]
[BlackElo "2414"]
[Result "0-1"]
[Round "03"]
[TimeControl "180+2"]
[Date "2023.01.03"]
[WhiteClock "0:01:06"]
[BlackClock "0:00:49"]

1. c4 e6 2. g3 d5 3. Bg2 Nf6 4. Nf3 c5 5. cxd5 exd5 6. O-O Nc6 7. d4 Be7 8. dxc5 Bxc5 9. a3 O-O 10. b4 Be7 11. Bb2 a6 12. Nc3 Bg4 13. Rc1 Re8 14. Na4 Ne4 15. h3 Be6 16. Nd4 Bd7 17. Nxc6 Bxc6 18. Nc3 Bf6 19. Qd3 h6 20. Rfd1 Qb6 21. e3 Rad8 22. Ba1 Nxg3 23. Bxd5 Bxc3 24. Bxc3 Rxd5 25. Bd4 Rxd4 26. exd4 Ne2+ 0-1


[Site "https://www.chess.com"]

[Event "Titled Tuesday Blitz January 03 Early 2023"]
[White "Ingebretsen, Jens E"]
[Black "Le Ruyet, Leopold"]
[WhiteFideId "1522965"]
[BlackFideId "645923"]
[WhiteElo "2342"]
[BlackElo "2245"]
[Result "1-0"]
[Round "03"]
[TimeControl "180+2"]
[Date "2023.01.03"]
[WhiteClock "0:00:53"]
[BlackClock "0:00:02"]

1. d4 Nf6 2. Nf3 g6 3. g3 Bg7 4. Bg2 O-O 5. O-O d6 6. b3 Nbd7 7. Bb2 Rb8 8. a4 a5 9. Nbd2 b6 10. Re1 e5 11. dxe5 Ng4 12. Nc4 Ngxe5 13. Nfxe5 Nxe5 14. Nxe5 Bxe5 15. Bxe5 dxe5 16. Bc6 Bf5 17. e4 Qxd1 18. Raxd1 Bg4 19. Rd3 Rbd8 20. Bd5 c6 21. Bxc6 Rxd3 22. cxd3 Rc8 23. Bd5 Rc2 24. Bc4 Bf3 25. h4 Kf8 26. Rb1 Ke7 27. b4 axb4 28. g4 Bxg4 29. Rxb4 Rc1+ 30. Kg2 Ra1 31. Rxb6 Rxa4 32. Rb7+ Kd6 33. Rxf7 h5 34. Rf6+ Kc5 35. Rxg6 Kd4 36. Rd6+ Kc3 37. Rd5 Kd2 38. Rxe5 Ke2 39. Rb5 Ra8 40. Rb2+ Ke1 41. f4 Rf8 42. f5 Be2 43. Kg3 Rc8 44. Kf4 Rc7 45. f6 Bg4 46. e5 Rc8 47. e6 Rd8 48. e7 Rd4+ 49. Ke5 1-0


[Site "https://www.chess.com"]

[Event "Titled Tuesday Blitz January 03 Early 2023"]
[White "Krienke, Makaio"]
[Black "Odegov, Artem"]
[WhiteFideId "2038854"]
[BlackFideId "34183644"]
[WhiteElo "2115"]
[BlackElo "2261"]
[Result "1-0"]
[Round "03"]
[TimeControl "180+2"]
[Date "2023.01.03"]
[WhiteClock "0:01:29"]
[BlackClock "0:00:05"]

1. e4 e6 2. d4 d5 3. Nc3 Bb4 4. e5 c5 5. a3 Bxc3+ 6. bxc3 Ne7 7. Qg4 cxd4 8. cxd4 Qc7 9. Bd2 Nbc6 10. Bd3 Bd7 11. Ne2 O-O-O 12. O-O f6 13. f4 f5 14. Qf3 h6 15. c4 dxc4 16. Bxc4 g5 17. Rfc1 gxf4 18. Bxf4 Qa5 19. Qb3 Nd5 20. Rab1 Nb6 21. Bxe6 Bxe6 22. Qxe6+ Kb8 23. Rxc6 bxc6 24. Qxc6 Rxd4 25. Nxd4 Qd2 26. Bxd2 Re8 27. Bf4 Re6 28. Nxe6 h5 29. Qc7+ Ka8 30. Qc8+ Nxc8 31. Nc7# 1-0


[Site "https://www.chess.com"]

[Event "Titled Tuesday Blitz January 03 Early 2023"]
[White "Vysochin, Spartak"]
[Black "Maltsevskaya, Aleksandra"]
[WhiteFideId "14103516"]
[BlackFideId "24174041"]
[WhiteElo "2512"]
[BlackElo "2390"]
[Result "1-0"]
[Round "03"]
[TimeControl "180+2"]
[Date "2023.01.03"]
[WhiteClock "0:01:18"]
[BlackClock "0:01:16"]

1. e4 c6 2. d4 d5 3. exd5 cxd5 4. Bd3 Nc6 5. c3 Qc7 6. h3 e5 7. dxe5 Nxe5 8. Nf3 Nf6 9. O-O Bd6 10. Bg5 Be6 11. Bxf6 gxf6 12. Nd4 O-O-O 13. Bf5 Bxf5 14. Nxf5 Rhg8 15. Nd2 Rg5 16. Nxd6+ Qxd6 17. f4 Qb6+ 18. Kh1 Rxg2 19. Kxg2 Rg8+ 20. Kh2 Qe3 21. Qe1 1-0


[Site "https://www.chess.com"]

[Event "Titled Tuesday Blitz January 03 Early 2023"]
[White "Gnechko, Ruslan"]
[Black "Aloma Vidal, Robert"]
[WhiteFideId "14135868"]
[BlackFideId "2260409"]
[WhiteElo "2132"]
[BlackElo "2442"]
[Result "0-1"]
[Round "03"]
[TimeControl "180+2"]
[Date "2023.01.03"]
[WhiteClock "0:00:46"]
[BlackClock "0:00:15"]

1. d4 d5 2. c4 c6 3. Nf3 Nf6 4. e3 e6 5. Nbd2 Nbd7 6. Bd3 b6 7. O-O Bb7 8. b3 c5 9. cxd5 exd5 10. Bb2 Be7 11. Qe2 O-O 12. Rfd1 Re8 13. Ne5 Nxe5 14. dxe5 Nd7 15. f4 Bf8 16. Nf3 f6 17. exf6 Nxf6 18. Ne5 g6 19. Qf2 Bg7 20. Bb5 Rf8 21. Qh4 a6 22. Bc6 Bxc6 23. Nxc6 Qe8 24. Ne5 b5 25. Rac1 Rc8 26. Ba3 b4 27. Bb2 a5 28. h3 Qe6 29. Rd3 c4 30. bxc4 dxc4 31. f5 Qxf5 32. Rxc4 g5 33. Qd4 h6 34. Rxc8 Rxc8 35. Nd7 Qxd7 36. Qxd7 Nxd7 37. Bxg7 Nc5 38. Rd7 Nxd7 0-1


[Site "https://www.chess.com"]

[Event "Titled Tuesday Blitz January 03 Early 2023"]
[White "Freitag, Manfred"]
[Black "Sadovsky, Artem"]
[WhiteFideId "1602004"]
[BlackFideId "4155840"]
[WhiteElo "2352"]
[BlackElo "2276"]
[Result "1-0"]
[Round "03"]
[TimeControl "180+2"]
[Date "2023.01.03"]
[WhiteClock "0:00:30"]
[BlackClock "0:00:02"]

1. e4 g6 2. d4 Bg7 3. Nc3 c6 4. f4 d5 5. e5 h5 6. Nf3 Nh6 7. Be3 Bg4 8. Bd3 Nf5 9. Bf2 e6 10. h3 Bxf3 11. Qxf3 h4 12. O-O-O Bf8 13. Ne2 Be7 14. Kb1 Nd7 15. b3 a5 16. c4 a4 17. cxd5 cxd5 18. Bb5 axb3 19. Qxb3 Ra3 20. Qb2 Kf8 21. Rd3 Ra5 22. a4 Nb6 23. Qb3 Kg7 24. Rc1 Qa8 25. Nc3 Rc8 26. Rdd1 Rxc3 27. Rxc3 Nxa4 28. Rc7 Nb6 29. Qb2 Ba3 30. Qb3 Bf8 31. Qb2 Ra3 32. Rd3 Qa5 33. Rxb7 Na4 34. Rxa3 Bxa3 35. Qxa3 Nc3+ 36. Kb2 Nd1+ 37. Ka2 Qd2+ 38. Kb3 Qc3+ 39. Ka2 Qd2+ 40. Kb3 Nxf2 41. Be8 Nxd4+ 42. Ka4 Qc2+ 43. Ka5 Qd2+ 44. Kb6 g5 45. Rxf7+ Kg6 46. Rf6+ Kh7 47. Bg6+ Kh6 48. Bf7+ Kg7 49. Be8 1-0


[Site "https://www.chess.com"]

[Event "Titled Tuesday Blitz January 03 Early 2023"]
[White "Ginzburg, Yakov"]
[Black "Zherebtsova, Alexandra"]
[WhiteFideId "4157176"]
[BlackFideId "24129518"]
[WhiteElo "2405"]
[BlackElo "2155"]
[Result "1-0"]
[Round "03"]
[TimeControl "180+2"]
[Date "2023.01.03"]
[WhiteClock "0:00:06"]
[BlackClock "0:00:03"]

1. e4 e5 2. Nf3 Nc6 3. Bb5 a6 4. Bxc6 dxc6 5. O-O Ne7 6. b4 Ng6 7. Bb2 Bg4 8. h3 Bxf3 9. Qxf3 Be7 10. a3 a5 11. Qg3 O-O 12. bxa5 Rxa5 13. a4 b6 14. d3 Qa8 15. Nd2 f6 16. h4 Rxa4 17. h5 Nf4 18. Qg4 Rxa1 19. Rxa1 Qc8 20. Qxc8 Rxc8 21. g4 Kf7 22. Ra7 Bc5 23. Nb3 Bd6 24. f3 Ke6 25. d4 Ne2+ 26. Kf2 Nxd4 27. Bxd4 exd4 28. Nxd4+ Kd7 29. Nf5 g6 30. Nh4 Rg8 31. hxg6 hxg6 32. Ke2 Be7 33. Ra1 f5 34. Ng2 fxg4 35. fxg4 Rh8 36. Rd1+ Ke6 37. Nf4+ Kf7 38. Rd7 Rh2+ 39. Kd3 Kf6 40. Rxc7 Bd6 41. Rxc6 Ke7 42. Nxg6+ Kd7 43. Rxb6 Rg2 44. e5 Bc7 45. e6+ Kd8 46. Rb4 Bd6 47. Rd4 Kc7 48. e7 Bxe7 49. Nxe7 Rg3+ 50. Kc4 Rg2 51. Nd5+ Kc6 52. c3 Kd7 53. Nb4+ Ke6 54. Nd3 Rg3 55. Nf4+ Kf7 56. Nd5 Ke6 57. Re4+ Kd6 58. Nf4 Rxg4 59. Kd4 Rg3 60. c4 Kc7 61. c5 Rg1 62. Kd5 Rd1+ 63. Rd4 Rc1 64. Ne6+ Kc8 65. Rh4 Kd7 66. Rh7+ Kc8 67. Kc6 Kb8 68. Nc7 Rg1 69. Nb5 Rg6+ 70. Nd6 Rf6 71. Kb6 Rf8 72. c6 Ka8 73. Ra7+ Kb8 74. c7# 1-0


[Site "https://www.chess.com"]

[Event "Titled Tuesday Blitz January 03 Early 2023"]
[White "reevecanada"]
[Black "Sourath Biswas"]
[BlackFideId "35091484"]
[WhiteElo "2477"]
[BlackElo "2281"]
[Result "1/2-1/2"]
[Round "03"]
[TimeControl "180+2"]
[Date "2023.01.03"]
[WhiteClock "0:00:10"]
[BlackClock "0:00:05"]

1. e4 c6 2. d4 d5 3. exd5 cxd5 4. Nf3 Nc6 5. Bb5 Bd7 6. O-O Nf6 7. Re1 e6 8. c4 Bd6 9. Bg5 O-O 10. Nc3 dxc4 11. d5 Nb4 12. Bxf6 gxf6 13. Bxd7 Qxd7 14. Ne4 Be7 15. d6 Bd8 16. Qd4 Nd5 17. Qxc4 f5 18. Neg5 h6 19. Nh3 Qxd6 20. Rad1 Bf6 21. Nd4 Qb4 22. Qd3 Rad8 23. Qg3+ Kh7 24. Ne2 Rg8 25. Qf3 Qg4 26. Qxg4 fxg4 27. Nhf4 Nxf4 28. Nxf4 Bxb2 29. Rb1 Bc3 30. Rf1 Rd7 31. g3 Be5 32. Ne2 Rc8 33. Kg2 Rc2 34. Ng1 Rxa2 35. Rb4 f5 36. Rb3 Rdd2 37. Rxb7+ Kg6 38. h3 Bd4 39. hxg4 Rxf2+ 40. Rxf2 Rxf2+ 41. Kh3 fxg4+ 42. Kxg4 Rf1 43. Nf3 h5+ 44. Kf4 Bb6 45. Ke4 Kf6 46. Rh7 Kg6 47. Rb7 Rb1 48. Ne5+ Kg5 49. Rg7+ Kh6 50. Rg6+ Kh7 51. Rxe6 Re1+ 52. Kf5 Bd4 53. Re7+ Kg8 54. Re8+ Kg7 55. Re7+ Kg8 56. Re8+ Kh7 57. Re7+ Kg8 1/2-1/2


[Site "https://www.chess.com"]

[Event "Titled Tuesday Blitz January 03 Early 2023"]
[White "Malek, Jan"]
[Black "Begunov, Konstantin"]
[WhiteFideId "21864080"]
[BlackFideId "4118510"]
[WhiteElo "2370"]
[BlackElo "2325"]
[Result "1-0"]
[Round "03"]
[TimeControl "180+2"]
[Date "2023.01.03"]
[WhiteClock "0:00:06"]
[BlackClock "0:00:04"]

1. g3 d5 2. Bg2 c6 3. Nf3 Nf6 4. O-O Bg4 5. d4 e6 6. c4 Be7 7. h3 Bh5 8. Ne5 Nbd7 9. Nc3 O-O 10. f4 dxc4 11. Nxc4 Nb6 12. Ne5 Nfd7 13. Nd3 f5 14. Qb3 Bf7 15. Qc2 Nf6 16. Be3 Nfd5 17. Bf2 Nb4 18. Nxb4 Bxb4 19. e4 Qc7 20. a3 Be7 21. Rfe1 Bf6 22. Rad1 Rad8 23. exf5 exf5 24. Qxf5 Bb3 25. Rd2 Bxd4 26. Qe4 Bxf2+ 27. Rxf2 Nd5 28. Nb1 Nf6 29. Qb4 Bd5 30. Nc3 Bxg2 31. Rxg2 Rfe8 32. Qc4+ Qf7 33. Rxe8+ Rxe8 34. Qd3 Qe6 35. Re2 Qf7 36. Rxe8+ Qxe8 37. g4 h6 38. Kg2 Qe6 39. Kf3 Qb3 40. Qe2 Kh7 41. g5 Nd5 42. Qe4+ Kh8 43. Qe8+ Kh7 44. g6# 1-0


[Site "https://www.chess.com"]